TOP OF THE 1ST |
Altoona Curve batting - Pitching for Colorado (EL) Rockies : RHP Josh Blaschke
|
Pitching: RHP Josh Blaschke
|
|
Batting: LHB Sammy Roddenberry
|
0-0: Ground out 4-3 (Groundball, 4M, EV 99.4 MPH)
|
Batting: RHB Etsuro Hosokawa
|
0-0: Swinging Strike 0-1: Foul Ball, location: 2F 0-2: SINGLE (Line Drive, 8LS, EV 96.9 MPH)
|
Batting: LHB Nick Rooney
|
0-0: Ball 1-0: Swinging Strike 1-1: Swinging Strike 1-2: Ball 2-2: Fielders Choice at 2nd, 4-6 (Groundball, 4D, EV 84.4 MPH)
|
Batting: LHB Ruben Garza
|
0-0: Called Strike 0-1: Foul Ball, location: 2F 0-2: Ball 1-2: Ball 2-2: Ball Wild Pitch! Nick Rooney to second 3-2: Foul Ball, location: 2F 3-2: Foul Ball, location: 2F 3-2: Foul Ball, location: 2F 3-2: Fly out, F7 (Line Drive, 7, EV 89.4 MPH)
|
Top of the 1st over - 0 runs, 1 hit, 0 errors, 1 left on base; Altoona 0 - Colorado (EL) 0 |
BOTTOM OF THE 1ST |
Colorado (EL) Rockies batting - Pitching for Altoona Curve : RHP Joreão Zquete
|
Pitching: RHP Joreão Zquete
|
|
Batting: RHB Doug D'Onofrio
|
0-0: Ball 1-0: Fly out, F9 (Flyball, 9, EV 82.5 MPH)
|
Batting: RHB Kevin Tangeman
|
0-0: Ball 1-0: Foul Ball, location: 2F 1-1: Called Strike 1-2: Foul Ball, location: 2F 1-2: Foul Ball, location: 2F 1-2: Ball 2-2: Foul Ball, location: 2F 2-2: Ground out 6-3 (Groundball, 56, EV 90.0 MPH)
|
Batting: LHB Paul McClintock
|
0-0: SOLO HOME RUN (Flyball, 9LD, EV 95.0 MPH), Distance : 348 ft
|
Batting: LHB Mick Tucker
|
0-0: Ball 1-0: Called Strike 1-1: Foul Ball, location: 2F 1-2: Ball 2-2: Foul Ball, location: 2F 2-2: Ball 3-2: Ground out 1-3 (Groundball, 13S, EV 66.9 MPH)
|
Bottom of the 1st over - 1 run, 1 hit, 0 errors, 0 left on base; Altoona 0 - Colorado (EL) 1 |
TOP OF THE 2ND |
Altoona Curve batting - Pitching for Colorado (EL) Rockies : RHP Josh Blaschke
|
Batting: LHB Jorge Quintana
|
0-0: Foul Ball, location: 2F 0-1: Ground out U3 (Groundball, 34, EV 83.8 MPH)
|
Batting: RHB Mike Velazquez
|
0-0: Called Strike 0-1: Called Strike 0-2: Ground out 4-3 (Groundball, 4, EV 79.4 MPH)
|
Batting: RHB Richard Barrios
|
0-0: Ball 1-0: Foul Ball, location: 2F 1-1: Called Strike 1-2: Foul Ball, location: 2F 1-2: Ball 2-2: Foul Ball, location: 2F 2-2: Fly out, F9 (Flyball, 89M, EV 84.4 MPH)
|
Top of the 2nd over - 0 runs, 0 hits, 0 errors, 0 left on base; Altoona 0 - Colorado (EL) 1 |
BOTTOM OF THE 2ND |
Colorado (EL) Rockies batting - Pitching for Altoona Curve : RHP Joreão Zquete
|
Batting: RHB Chris Osting
|
0-0: Ball 1-0: Called Strike 1-1: Ground out 5-3 (Groundball, 56, EV 86.2 MPH)
|
Batting: RHB John Corfield
|
0-0: Called Strike 0-1: Ball 1-1: Ball 2-1: Ball 3-1: Called Strike 3-2: Strikes out swinging
|
Batting: SHB Craig Ruzic
|
0-0: Ball 1-0: Ball 2-0: Foul Ball, location: 2F 2-1: Called Strike 2-2: Foul Ball, location: 2F 2-2: Ball 3-2: Ground out 4-3 (Groundball, 4MS, EV 88.1 MPH)
|
Bottom of the 2nd over - 0 runs, 0 hits, 0 errors, 0 left on base; Altoona 0 - Colorado (EL) 1 |
TOP OF THE 3RD |
Altoona Curve batting - Pitching for Colorado (EL) Rockies : RHP Josh Blaschke
|
Batting: RHB Keiji Nakajima
|
0-0: Bunted foul 0-1: Ball 1-1: SOLO HOME RUN (Line Drive, 7LD, EV 92.5 MPH), Distance : 346 ft
|
Batting: SHB Curtis Thompson
|
0-0: Swinging Strike 0-1: Ball 1-1: Swinging Strike 1-2: Ball 2-2: Foul Ball, location: 2F 2-2: Fly out, F9 (Line Drive, 9S, EV 91.9 MPH)
|
Batting: LHB Sammy Roddenberry
|
0-0: Swinging Strike 0-1: Ball 1-1: Called Strike 1-2: Ground out 1-3 (Groundball, 13S, EV 62.5 MPH)
|
Batting: RHB Etsuro Hosokawa
|
0-0: Called Strike 0-1: Ball 1-1: Foul Ball, location: 2F 1-2: Ball 2-2: Hit by Pitch
|
Batting: LHB Nick Rooney
|
0-0: Ball 1-0: Ball 2-0: Ball 3-0: Base on Balls Etsuro Hosokawa to second
|
Batting: LHB Ruben Garza
|
0-0: Ball 1-0: Fly out, F9 (Flyball, 9D, EV 98.1 MPH)
|
Top of the 3rd over - 1 run, 1 hit, 0 errors, 2 left on base; Altoona 1 - Colorado (EL) 1 |
BOTTOM OF THE 3RD |
Colorado (EL) Rockies batting - Pitching for Altoona Curve : RHP Joreão Zquete
|
Batting: RHB Manny Thompson
|
0-0: Foul Ball, location: 2F 0-1: Swinging Strike 0-2: SINGLE (Groundball, 4D, EV 101.9 MPH)
|
Batting: RHB Ray Insley
|
0-0: Ball 1-0: Ball 2-0: Called Strike 2-1: Called Strike 2-2: SINGLE (Groundball, 34D, EV 97.5 MPH) Manny Thompson to second
|
Batting: RHB Doug D'Onofrio
|
0-0: Ground out 5-3 (Groundball, 56S, EV 62.5 MPH) Manny Thompson to third Ray Insley to second
|
Batting: RHB Kevin Tangeman
|
0-0: Foul Ball, location: 2F 0-1: Called Strike 0-2: Foul Ball, location: 2F 0-2: Ball 1-2: Ball 2-2: Ball 3-2: Foul Ball, location: 2F 3-2: Fly out, F9 (Flyball, 9S, EV 88.1 MPH)
|
Batting: LHB Paul McClintock
|
0-0: Called Strike 0-1: Ball 1-1: Ground out 1-3 (Groundball, 15S, EV 65.0 MPH)
|
Bottom of the 3rd over - 0 runs, 2 hits, 0 errors, 2 left on base; Altoona 1 - Colorado (EL) 1 |
TOP OF THE 4TH |
Altoona Curve batting - Pitching for Colorado (EL) Rockies : RHP Josh Blaschke
|
Batting: LHB Jorge Quintana
|
0-0: Foul Ball, location: 2F 0-1: Fly out, F7 (Line Drive, 7D, EV 98.1 MPH)
|
Batting: RHB Mike Velazquez
|
0-0: Ball 1-0: Ground out 6-3 (Groundball, 56, EV 83.8 MPH)
|
Batting: RHB Richard Barrios
|
0-0: Ball 1-0: Ball 2-0: Called Strike 2-1: Ground out 6-3 (Groundball, 6, EV 86.9 MPH)
|
Top of the 4th over - 0 runs, 0 hits, 0 errors, 0 left on base; Altoona 1 - Colorado (EL) 1 |
BOTTOM OF THE 4TH |
Colorado (EL) Rockies batting - Pitching for Altoona Curve : RHP Joreão Zquete
|
Batting: LHB Mick Tucker
|
0-0: Ball 1-0: Fly out, F8 (Line Drive, 8RD, EV 100.6 MPH)
|
Batting: RHB Chris Osting
|
0-0: Called Strike 0-1: Swinging Strike 0-2: Ball 1-2: Strikes out swinging
|
Batting: RHB John Corfield
|
0-0: Ground out 6-3 (Groundball, 6, EV 100.0 MPH)
|
Bottom of the 4th over - 0 runs, 0 hits, 0 errors, 0 left on base; Altoona 1 - Colorado (EL) 1 |
TOP OF THE 5TH |
Altoona Curve batting - Pitching for Colorado (EL) Rockies : RHP Josh Blaschke
|
Batting: RHB Keiji Nakajima
|
0-0: Ball 1-0: Foul Ball, location: 2F 1-1: Foul Ball, location: 2F 1-2: Ball 2-2: Ball 3-2: Base on Balls
|
Batting: SHB Curtis Thompson
|
0-0: Ball 1-0: Called Strike 1-1: SINGLE (Groundball, 34, EV 109.4 MPH) Keiji Nakajima to second Runner from 2nd tries for 3rd, OUT! 9-5 Curtis Thompson to second
|
Batting: LHB Sammy Roddenberry
|
0-0: Ball 1-0: Bunt - Flyout to 13S! F1
|
Batting: RHB Etsuro Hosokawa
|
0-0: Ball 1-0: Swinging Strike 1-1: SINGLE (Groundball, 56D, EV 103.1 MPH) Curtis Thompson to third Runner from 3rd tries for Home, SAFE, throw by LF to home
|
Batting: LHB Nick Rooney
|
0-0: Ball 1-0: Called Strike 1-1: Ball 2-1: Called Strike 2-2: Foul Ball, location: 2F 2-2: SINGLE (Line Drive, 56D, EV 96.2 MPH) Etsuro Hosokawa to second
|
Batting: LHB Ruben Garza
|
0-0: Ball 1-0: Ground out 1-3 (Groundball, 13S, EV 66.2 MPH)
|
Top of the 5th over - 1 run, 3 hits, 0 errors, 2 left on base; Altoona 2 - Colorado (EL) 1 |
BOTTOM OF THE 5TH |
Colorado (EL) Rockies batting - Pitching for Altoona Curve : RHP Joreão Zquete
|
Batting: SHB Craig Ruzic
|
0-0: Called Strike 0-1: Ball 1-1: Called Strike 1-2: SINGLE (Line Drive, 6MD, EV 98.8 MPH)
|
Batting: RHB Manny Thompson
|
0-0: Foul Ball, location: 2F 0-1: Foul Ball, location: 2F 0-2: Ball 1-2: Ball 2-2: Foul Ball, location: 2F 2-2: Foul Ball, location: 2F 2-2: Ball 3-2: Foul Ball, location: 2F 3-2: Base on Balls Craig Ruzic to second
|
Batting: RHB Ray Insley
|
0-0: Ball 1-0: Called Strike 1-1: Ball 2-1: Ball 3-1: 3-RUN HOME RUN (Flyball, 78XD, EV 96.2 MPH), Distance : 386 ft
|
Batting: RHB Doug D'Onofrio
|
0-0: Foul Ball, location: 2F 0-1: Ball 1-1: Foul Ball, location: 2F 1-2: Ball 2-2: Ball 3-2: Foul Ball, location: 2F 3-2: Strikes out looking and he ARGUES THE CALL AND IS TOSSED!
|
Batting: RHB Kevin Tangeman
|
0-0: Called Strike 0-1: Ball 1-1: Called Strike 1-2: Strikes out swinging
|
Batting: LHB Paul McClintock
|
0-0: Called Strike 0-1: Ground out 4-3 (Groundball, 34, EV 91.2 MPH)
|
Bottom of the 5th over - 3 runs, 2 hits, 0 errors, 0 left on base; Altoona 2 - Colorado (EL) 4 |
TOP OF THE 6TH |
Altoona Curve batting - Pitching for Colorado (EL) Rockies : RHP Josh Blaschke
|
Batting: LHB Jorge Quintana
|
0-0: Ball 1-0: Swinging Strike 1-1: Ball 2-1: Fly out, F7 (Flyball, 7, EV 79.4 MPH)
|
Batting: RHB Mike Velazquez
|
0-0: Swinging Strike 0-1: Ball 1-1: SINGLE (Groundball, 6D, EV 104.4 MPH)
|
Pitching: RHP Terry Sterling
|
|
Batting: RHB Richard Barrios
|
0-0: Ball 1-0: Fly out, F7 (Flyball, 78S, EV 86.2 MPH)
|
Batting: RHB Keiji Nakajima
|
0-0: Called Strike 0-1: Called Strike 0-2: Ball 1-2: Ground out 1-3 (Groundball, 15, EV 67.5 MPH)
|
Top of the 6th over - 0 runs, 1 hit, 0 errors, 1 left on base; Altoona 2 - Colorado (EL) 4 |
BOTTOM OF THE 6TH |
Colorado (EL) Rockies batting - Pitching for Altoona Curve : RHP Joreão Zquete
|
Batting: LHB Mick Tucker
|
0-0: Ball 1-0: Called Strike 1-1: Ball 2-1: Foul Ball, location: 2F 2-2: Foul Ball, location: 2F 2-2: Ball 3-2: Strikes out swinging
|
Batting: RHB Chris Osting
|
0-0: Swinging Strike 0-1: Ball 1-1: Foul Ball, location: 2F 1-2: Foul Ball, location: 2F 1-2: SINGLE (Groundball, 5S, EV 66.9 MPH) (infield hit)
|
Batting: RHB John Corfield
|
0-0: Fielders Choice at 2nd, 3-6 (Groundball, 3S, EV 83.8 MPH)
|
Batting: SHB Craig Ruzic
|
0-0: Called Strike 0-1: Ball 1-1: Foul Ball, location: 2F 1-2: Fly out, F9 (Flyball, 9, EV 90.0 MPH)
|
Bottom of the 6th over - 0 runs, 1 hit, 0 errors, 1 left on base; Altoona 2 - Colorado (EL) 4 |
TOP OF THE 7TH |
Altoona Curve batting - Pitching for Colorado (EL) Rockies : RHP Terry Sterling
|
Batting: SHB Curtis Thompson
|
0-0: Fly out, F5 (Popup, 5SF, EV 66.2 MPH)
|
Batting: LHB Sammy Roddenberry
|
0-0: Ball 1-0: Ground out 5-3 (Groundball, 15, EV 88.1 MPH)
|
Batting: RHB Etsuro Hosokawa
|
0-0: Ball 1-0: Ball 2-0: Ball 3-0: Base on Balls
|
Batting: LHB Nick Rooney
|
0-0: Ball 1-0: Ball 2-0: Called Strike 2-1: Ball 3-1: Called Strike 3-2: Foul Ball, location: 2F 3-2: Strikes out looking
|
Top of the 7th over - 0 runs, 0 hits, 0 errors, 1 left on base; Altoona 2 - Colorado (EL) 4 |
BOTTOM OF THE 7TH |
Colorado (EL) Rockies batting - Pitching for Altoona Curve : RHP Joreão Zquete
|
Pitching: RHP Shinya Ito
|
|
Batting: RHB Manny Thompson
|
0-0: Called Strike 0-1: Fly out, F9 (Flyball, 9LM, EV 91.9 MPH)
|
Batting: RHB Ray Insley
|
0-0: SINGLE (Groundball, 6MD, EV 100.0 MPH)
|
Batting: LHB Mike Clark
|
0-0: Ball 1-0: Called Strike 1-1: Called Strike 1-2: Ball 2-2: Strikes out swinging
|
Batting: RHB Kevin Tangeman
|
0-0: Ball Ray Insley is caught stealing 2nd base 2-4
|
Bottom of the 7th over - 0 runs, 1 hit, 0 errors, 0 left on base; Altoona 2 - Colorado (EL) 4 |
TOP OF THE 8TH |
Altoona Curve batting - Pitching for Colorado (EL) Rockies : RHP Terry Sterling
|
Pitching: RHP Manny Lebron
|
|
Batting: LHB Ruben Garza
|
0-0: Foul Ball, location: 2F 0-1: Ball 1-1: SINGLE (Line Drive, 56D, EV 93.8 MPH)
|
Batting: LHB Jorge Quintana
|
0-0: Ball 1-0: Foul Ball, location: 2F 1-1: Foul Ball, location: 2F 1-2: Strikes out swinging
|
Batting: RHB Mike Velazquez
|
0-0: Ball 1-0: Ball 2-0: Called Strike 2-1: Ball 3-1: Grounds into double play, 5-4-3 (Groundball, 25, EV 85.6 MPH)
|
Top of the 8th over - 0 runs, 1 hit, 0 errors, 0 left on base; Altoona 2 - Colorado (EL) 4 |
BOTTOM OF THE 8TH |
Colorado (EL) Rockies batting - Pitching for Altoona Curve : RHP Shinya Ito
|
Batting: RHB Kevin Tangeman
|
0-0: Foul Ball, location: 2F 0-1: SINGLE (Flyball, 8RS, EV 90.0 MPH)
|
Batting: LHB Paul McClintock
|
0-0: Called Strike 0-1: Ball 1-1: Called Strike Kevin Tangeman steals 2nd base (no throw) 1-2: Ground out 4-3 (Groundball, 4M, EV 110.0 MPH) Kevin Tangeman to third
|
Batting: LHB Mick Tucker
|
0-0: Intentional Walk
|
Batting: RHB Chris Osting
|
0-0: Ball 1-0: Ball 2-0: Fielders Choice at 2nd, 1-6 (Groundball, 13S, EV 73.8 MPH)
|
Batting: RHB John Corfield
|
0-0: Ground out 5-3 (Groundball, 5S, EV 80.0 MPH)
|
Bottom of the 8th over - 0 runs, 1 hit, 0 errors, 2 left on base; Altoona 2 - Colorado (EL) 4 |
TOP OF THE 9TH |
Altoona Curve batting - Pitching for Colorado (EL) Rockies : RHP Manny Lebron
|
Pitching: RHP Jim Micaletti
|
|
Batting: RHB Richard Barrios
|
0-0: Called Strike 0-1: SINGLE (Flyball, 3D, EV 97.5 MPH)
|
Pinch Hitting: LHB Phil DeCamp
|
0-0: Ball 1-0: Called Strike 1-1: Foul Ball, location: 2F 1-2: Fielders Choice at 2nd, 4-6 (Groundball, 4, EV 105.0 MPH)
|
Batting: SHB Curtis Thompson
|
0-0: Foul Ball, location: 2F 0-1: Fly out, F8 (Flyball, 78D, EV 82.5 MPH)
|
Batting: LHB Sammy Roddenberry
|
0-0: Bunted foul 0-1: Ball 1-1: Ball 2-1: Ball 3-1: Foul Ball, location: 2F 3-2: Base on Balls Phil DeCamp to second
|
Batting: RHB Etsuro Hosokawa
|
0-0: SINGLE (Groundball, P, EV 87.5 MPH) (infield hit) Phil DeCamp to third Sammy Roddenberry to second
|
Batting: LHB Nick Rooney
|
0-0: Called Strike 0-1: DOUBLE (Flyball, 8RXD, EV 113.8 MPH) Phil DeCamp scores Sammy Roddenberry scores Etsuro Hosokawa to third Runner from 3rd tries for Home, SAFE, no throw by CF
|
Batting: LHB Ruben Garza
|
0-0: Ball 1-0: Fly out, F7 (Flyball, 78S, EV 90.0 MPH)
|
Top of the 9th over - 3 runs, 3 hits, 0 errors, 1 left on base; Altoona 5 - Colorado (EL) 4 |
BOTTOM OF THE 9TH |
Colorado (EL) Rockies batting - Pitching for Altoona Curve : RHP Shinya Ito
|
Pitching: RHP Justin Jones
|
|
Now at 2B: Richard Barrios
|
|
Now at SS: Pleun Smit
|
|
Batting: SHB Craig Ruzic
|
0-0: Ball 1-0: SINGLE (Groundball, 6D, EV 99.4 MPH)
|
Batting: RHB Manny Thompson
|
0-0: Bunt missed! 0-1: Bunted foul 0-2: Ball 1-2: Foul Ball, location: 2F 1-2: Ball 2-2: Fly out, F1 (Line Drive, P, EV 70.0 MPH)
|
Batting: RHB Ray Insley
|
0-0: Called Strike 0-1: Called Strike 0-2: Ball 1-2: Ball 2-2: SINGLE (Groundball, 56, EV 96.2 MPH) Craig Ruzic to second
|
Batting: LHB Mike Clark
|
0-0: Ball 1-0: Ball 2-0: Called Strike 2-1: Ball 3-1: Fly out, F6 (Line Drive, 6, EV 70.0 MPH)
|
Pinch Hitting: SHB Jeff Sorrels
|
0-0: Ball 1-0: Foul Ball, location: 2F 1-1: Swinging Strike 1-2: Ball 2-2: Ball 3-2: Strikes out swinging
|
Bottom of the 9th over - 0 runs, 2 hits, 0 errors, 2 left on base; Altoona 5 - Colorado (EL) 4 |
|